 Dungeon Crawl Stone Soup version 0.29.1-2-gbd0b4ee654 (webtiles) character file.

Game seed: 10258955356233689808

73 raph the Ruffian (level 4, 0/36 HPs)
             Began as a Draconian Transmuter on Nov 4, 2022.
             Slain by Terence
             ... wielding a +0 flail
              (6 damage)
             ... on level 2 of the Dungeon.
             The game lasted 00:02:27 (2101 turns).

raph the Ruffian (Draconian Transmuter)             Turns: 2101, Time: 00:02:27

Health: 0/36       AC:  5    Str: 12    XL:     4   Next: 8%
Magic:  1/7        EV: 12    Int: 16    God:
Gold:   42         SH:  0    Dex: 11    Spells: 3/7 levels left

rFire   . . .      SeeInvis .     - Unarmed
rCold   . . .      Faith    .   (no shield)
rNeg    . . .      Spirit   .   (body armour unavailable)
rPois   .          Reflect  .   (helmet currently unavailable)
rElec   .          Harm     .   (no cloak)
rCorr   .          Rampage  .   (no gloves)
Will    .....                   (boots currently unavailable)
Stlth   +.........              (no amulet)
HPRegen 0.12/turn               (no ring)
MPRegen 0.10/turn               (no ring)

@: appendages
A: horns 2, talons 2, AC +5, unfitting armour, cold-blooded
a: End Transformation


You were on level 2 of the Dungeon.
You had temporarily grown beastly horns and talons.
You visited 1 branch of the dungeon, and saw 2 of its levels.

You collected 42 gold pieces.

Inventory:

Missiles
 f - 9 poisoned darts
Scrolls
 b - 4 scrolls of fear {unknown}
 d - a scroll of magic mapping {unknown}
Potions
 a - a potion of lignification
 c - a potion of magic {unknown}
 e - a potion of attraction {unknown}


   Skills:
 + Level 1.6 Fighting
 + Level 2.1 Dodging
 * Level 3.8 Unarmed Combat
 + Level 2.3 Spellcasting
 * Level 2.8 Transmutations


You had 3 spell levels left.
You knew the following spells:

 Your Spells              Type           Power      Damage    Failure   Level
a - Beastly Appendage     Tmut           20%        N/A       6%          1
b - Wereblood             Tmut           10%        N/A       10%         2
c - Sting                 Tmut/Pois      24%        1d4       12%         1

Your spell library contained the following spells:

 Spells                   Type           Power      Damage    Failure   Level
 Poisonous Vapours        Pois/Air       2%         N/A       30%         2
 Spider Form              Tmut/Pois      6%         N/A       34%         3
 Ice Form                 Ice/Tmut       6%         N/A       75%         4
 Olgreb's Toxic Radiance  Pois           1%         N/A       89%         4


Dungeon Overview and Level Annotations

Branches:
Dungeon (2/15)

Altars:

Annotations:
D:2 Terence


Innate Abilities, Weirdness & Mutations

You have temporarily grown beastly horns and talons.
Your plain brown scales are hard. (AC +5)
You cannot fit into any form of body armour.
You are cold-blooded and may be slowed by cold attacks.


Message History

Aiming: Sting (safe; 12% risk of failure)
Press: ? - help, Shift-Dir - straight line, f/p - Terence
Aim: Terence, wielding a +0 flail and wearing a +0 scale mail (moderately wounded, 72% to hit)
The sting hits Terence.
Terence is poisoned.
Terence is moderately wounded.
Terence hits you with a +0 flail!
You see here a rat corpse.
Terence attacks as you move away! Terence barely misses you.
Casting: Sting (safe; 12% risk of failure)
Confirm with . or Enter, or press ? or * to list all spells.
You grow a pair of large bovine horns.
Your feet morph into talons.
Terence looks more healthy.
Terence hits you with a +0 flail!
* * * LOW HITPOINT WARNING * * *
You hit Terence. You claw Terence.
Terence is severely wounded.
Your magical contamination has completely faded away.
You barely miss Terence. You claw Terence.
You headbutt Terence, but do no damage.
Terence is almost dead.
Terence closely misses you.
You barely miss Terence.
Terence is almost dead.
Terence barely misses you.
You closely miss Terence.
Terence is almost dead.
Terence barely misses you.
You completely miss Terence.
You tail-slap Terence, but do no damage.
Terence is almost dead.
Terence closely misses you.
You hit Terence but do no damage. Your kick misses Terence.
Terence is almost dead.
Terence closely misses you.
Casting: Beastly Appendage (safe; 6% risk of failure)
Confirm with . or Enter, or press ? or * to list all spells.
Aiming: Sting (safe; 12% risk of failure)
Press: ? - help, Shift-Dir - straight line, f/p - Terence
Aim: Terence, wielding a +0 flail and wearing a +0 scale mail (almost dead, 72% to hit)
The sting misses Terence.
Terence hits you with a +0 flail.
You die...

#####....)..#
#.####### #.# #.#
#.# #.# #.#
##.#############
##...##..@@.....#
#....†#.#######.#
##...##.# #.#
######.###.# #.#
#...........# #.#
.######.##### #.#
#+# #.# ###.#####
#.†.....#


You could see Terence.

Vanquished Creatures
  A gnoll (D:1)
  An adder (D:2)
  A worm (D:2)
  A dart slug (D:1)
  6 ball pythons
  3 bats (D:1)
  4 endoplasms
  5 giant cockroaches
  4 goblins (D:1)
  4 hobgoblins
  4 jackals
  2 quokkas (D:1)
  2 frilled lizards (D:1)
  3 kobolds (D:1)
  4 rats (D:2)
45 creatures vanquished.

Vanquished Creatures (others)
  A plant (D:1)
1 creature vanquished.

Grand Total: 46 creatures vanquished

Notes
Turn   | Place    | Note
-------+----------+-------------------------------------------
     0 | D:1      | raph the Draconian Transmuter began the quest for the Orb.
     0 | D:1      | Reached XP level 1. HP: 16/16 MP: 3/3
   126 | D:1      | Reached XP level 2. HP: 17/23 MP: 1/5
   244 | D:1      | Learned a level 2 spell: Wereblood
   569 | D:1      | Found a faded altar of an unknown god.
   604 | D:1      | Learned a level 1 spell: Sting
   726 | D:1      | Reached XP level 3. HP: 15/28 MP: 3/6
  1877 | D:2      | Reached XP level 4. HP: 34/36 MP: 5/7
  2070 | D:2      | Noticed Terence
  2101 | D:2      | Slain by Terence

Illustrated notes

Levels and vault maps discovered:
D:1:      amcnicky_arrival_double_pillar, layout_rooms,
          chequers_ecumenical_altar_lobes, hex_tiny, corexii_corridor_pit
D:2:      layout_loops_corners, minmay_misc_feat_roman, minmay_bisected,
          uniq_terence

Skill      XL: |  1  2 |
---------------+-------+-----
Dodging        | 2 |  2.1
Fighting       | |  1.6
Unarmed Combat | |  3.8
Spellcasting   | |  2.3
Transmutations | |  2.8

Action                   |  1- 3 |  4- 6 || total
-------------------------+-------+-------++-------
Melee: Unarmed           |    99 |    16 ||   115
       Kick              |    20 |     5 ||    25
       Tailslap          |    12 |     4 ||    16
       Headbutt          |    10 |     2 ||    12
       Punch             |     3 |       ||     3
 Cast: Beastly Appendage |    24 |     4 ||    28
       Wereblood         |     3 |       ||     3
       Sting             |     1 |     4 ||     5
Armor: Skin              |    39 |     4 ||    43
Dodge: Dodged            |    82 |    13 ||    95
